 Dungeon Crawl Stone Soup version 0.24.0-35-gdb84b6a5db (webtiles) character file.

Game seed: 14494039788707492234, levelgen mode: deterministic

84 95kv the Chiller (level 4, 0/30 HPs)
             Began as a Demonspawn Ice Elementalist on Nov 18, 2019.
             Slain by an orc wizard
             ... wielding a +0 dagger
              (2 damage)
             ... on level 2 of the Dungeon.
             The game lasted 00:12:53 (2456 turns).

95kv the Chiller (Demonspawn Ice Elementalist)      Turns: 2456, Time: 00:12:54

Health: 0/30       AC:  3    Str: 11 (13) XL:     4   Next: 23%
Magic:  8/8        EV: 12    Int: 16 (17) God:
Gold:   54         SH:  0    Dex: 12 (14) Spells: 7/8 levels left

rFire    . . .     SeeInvis .   (no weapon)
rCold    . . .     Gourm    .   (no shield)
rNeg     . . .     Faith    .   a - +0 robe
rPois    .         Spirit   .   (no helmet)
rElec    .         Reflect  .   (no cloak)
rCorr    .         Harm     .   (no gloves)
MR       .....                  d - +0 pair of boots
Stlth    ++........             (no amulet)
HPRegen  0.10/turn              (no ring)
MPRegen  0.11/turn              (no ring)

@: mighty
A: talons 1, demonic guardian 1
a: no special abilities


You were on level 2 of the Dungeon.
You were not hungry.

You visited 1 branch of the dungeon, and saw 3 of its levels.

You collected 54 gold pieces.

Inventory:

Armour
 a - a +0 robe (worn)
 d - a +0 pair of boots (worn)
Scrolls
 h - a scroll of identify {unknown}
Potions
 f - a potion of agility {unknown}
Comestibles
 c - 7 rations
 g - 2 chunks of flesh


   Skills:
 + Level 2.5 Dodging
 + Level 2.6 Stealth
 + Level 2.7 Spellcasting
   Level 1.0 Conjurations
 + Level 3.2 Ice Magic


You had 7 spell levels left.
You knew the following spells:

 Your Spells              Type           Power        Failure   Level  Hunger
a - Freeze                Ice            ##..         4%          1    #......

Your spell library contained the following spells:

 Spells                   Type           Power        Failure   Level  Hunger
 Throw Frost              Conj/Ice       #.....       12%         2    ##.....
 Beastly Appendage        Tmut           #.....       19%         1    #......
 Sticks to Snakes         Tmut           #.......     28%         2    ##.....
 Ozocubu's Armour         Chrm/Ice       #.......     30%         3    ###....
 Spider Form              Tmut/Pois      #.........   50%         3    ###....
 Throw Icicle             Conj/Ice       #.......     63%         4    #####..
 Ice Form                 Ice/Tmut       #.......     69%         4    #####..
 Summon Ice Beast         Ice/Summ       #.......     69%         4    #####..
 Blade Hands              Tmut           #.........   99%         5    ######.


Dungeon Overview and Level Annotations

Branches:
Dungeon (3/15)

Altars:
Trog
Zin

Annotations:
D:3 Grinder, Natasha


Innate Abilities, Weirdness & Mutations

You have sharp toenails.
A weak demonic guardian rushes to your aid.


Message History

The orc wizard flickers and vanishes!
Deactivating autopickup; reactivate with Ctrl-A.
The orc wizard points at you and mumbles some strange words.
The magic dart hits you. The orc hits you with a +0 flail!
* * * LOW HITPOINT WARNING * * *
You climb upwards.
Your summoned ally is left behind.
Reactivating autopickup.
There is a stone staircase leading down here.
It was a potion of degeneration.
There was something very wrong with that liquid.
You feel weakened.
You feel dopey.
You feel clumsy.
The orc wizard hits you with a +0 dagger.
* * * LOW HITPOINT WARNING * * *
Unknown command.
It was a potion of might.
You feel very mighty all of a sudden. The orc hits you with a +0 flail.
* * * LOW HITPOINT WARNING * * *
The orc wizard hits you with a +0 dagger.
You die...

##################
...............o@#
################o#
################5#
#..............#.#
#.############.#.#######
#.#...............(....#
#.#.##########.#.#####.#
..........####.#.# #.#
#.#..........#.#.# #.#


You could see an orc wizard, an orc and a friendly quasit.

Vanquished Creatures
  4 adders (D:2)
  An ooze (D:2)
  A worm (D:2)
  2 dart slugs (D:2)
  2 bats
  5 giant cockroaches
  7 goblins
  5 hobgoblins (D:2)
  A quokka (D:3)
  2 frilled lizards (D:2)
  5 kobolds
  A rat (D:2)
36 creatures vanquished.

Vanquished Creatures (collateral kills)
  A kobold (D:3)
1 creature vanquished.

Grand Total: 37 creatures vanquished

Notes
Turn   | Place    | Note
-------+----------+-------------------------------------------
     0 | D:1      | 95kv the Demonspawn Ice Elementalist began the quest for
                  | the Orb.
     0 | D:1      | Reached XP level 1. HP: 13/13 MP: 3/3
   226 | D:2      | Gained mutation: A weak demonic guardian rushes to your
                  | aid. [demonic ancestry]
   226 | D:2      | Reached XP level 2. HP: 17/19 MP: 0/5
   666 | D:2      | Found a bloodstained altar of Trog.
   798 | D:2      | Reached skill level 3 in Ice Magic
   798 | D:2      | Reached XP level 3. HP: 13/24 MP: 1/6
  1710 | D:2      | Found a glowing silver altar of Zin.
  2179 | D:2      | Gained mutation: You have sharp toenails. [demonic
                  | ancestry]
  2179 | D:2      | Reached XP level 4. HP: 26/30 MP: 2/8
  2369 | D:3      | Noticed Grinder
  2452 | D:3      | Noticed Natasha
  2456 | D:2      | Slain by an orc wizard

Levels and vault maps discovered:
D:1:      ebering_hopf_link, layout_rooms
D:2:      layout_basic, zin_treasury, lemuel_doored_altar,
          corexii_leaking_fountain, minmay_cut_off
D:3:      layout_rooms, first_ration, uniq_jessica, uniq_natasha, uniq_grinder

Skill      XL: |  1  2 |
---------------+-------+-----
Stealth        | 2 |  2.6
Dodging        | 2 |  2.5
Ice Magic      | 3 |  3.2
Spellcasting   | |  2.7
Conjurations   | |  1.0

Action                   |  1- 3 |  4- 6 || total
-------------------------+-------+-------++-------
 Cast: Freeze            |    58 |    12 ||    70
  Use: Potion            |       |     2 ||     2
  Eat: Chunk             |     1 |     1 ||     2
       Ration            |     1 |       ||     1
Armor: Robe              |    12 |     2 ||    14
Dodge: Dodged            |    32 |    14 ||    46
